 Dungeon Crawl Stone Soup version 0.28.0-53-g5a82cb258f (webtiles) character file.

Game seed: 8622427347800756285

5106 hawla the Arsonist (level 10, -3/53 HPs)
             Began as a Deep Elf Fire Elementalist on June 6, 2022.
             Was a Believer of Vehumet.
             Killed by the air
             ... invoked by Gastronok
              (24 damage)
             ... on level 12 of the Dungeon.
             The game lasted 00:28:09 (11817 turns).

hawla the Arsonist (Deep Elf Fire Elementalist)    Turns: 11817, Time: 00:28:10

Health: -3/53      AC: 11    Str:  7    XL:     10   Next: 32%
Magic:  3/21       EV: 14    Int: 23    God:    Vehumet [**....]
Gold:   209        SH:  0    Dex: 15    Spells: 10/21 levels left

rFire   + . .      SeeInvis .   d - staff of earth
rCold   + . .      Faith    .   (no shield)
rNeg    + . .      Spirit   .   t - +1 robe {rN+}
rPois   .          Reflect  .   (no helmet)
rElec   .          Harm     .   j - scarf {rC+ rF+}
rCorr   .          Rampage  .   (no gloves)
Will    +....                   (no boots)
Stlth   ++........              (no amulet)
HPRegen 0.17/turn               z - +4 ring of protection
MPRegen 0.17/turn               l - +4 ring of protection

@: no status effects
A: no striking features
a: Renounce Religion


You were on level 12 of the Dungeon.
You worshipped Vehumet.
Vehumet was pleased with you.
You visited 2 branches of the dungeon, and saw 11 of its levels.

You collected 547 gold pieces.
You spent 338 gold pieces at shops.

Inventory:

Missiles
 o - 13 javelins
 q - 2 boomerangs
 G - 4 poisoned darts
Armour
 j - a scarf of resistance (worn)
 t - a +1 robe of positive energy (worn)
Magical Staves
 d - a staff of earth (weapon)
 r - a staff of conjuration
Jewellery
 g - a ring of resist corrosion
 l - a +4 ring of protection (right hand)
 p - a ring of willpower
 z - a +4 ring of protection (left hand)
 H - a ring of protection from fire
Wands
 a - a wand of flame (47)
 y - a wand of iceblast (13)
 D - a wand of paralysis (3)
Scrolls
 c - 3 scrolls of fog
 f - 2 scrolls of amnesia
 i - 5 scrolls of fear
 k - a scroll of identify
 m - 2 scrolls of enchant armour {unknown}
 s - a scroll of magic mapping
 u - a scroll of teleportation {unknown}
 C - 2 scrolls of blinking {unknown}
 F - a scroll of acquirement {unknown}
 J - a scroll of vulnerability {unknown}
Potions
 b - 4 potions of curing {unknown}
 e - 2 potions of flight
 h - 2 potions of mutation {unknown}
 n - 2 potions of might {unknown}
 v - 2 potions of brilliance
 w - 2 potions of magic {unknown}
 x - 2 potions of attraction {unknown}
 A - 2 potions of heal wounds
 B - a potion of haste {unknown}
 E - a potion of berserk rage {unknown}
 I - a potion of resistance {unknown}


   Skills:
 + Level 1.8 Fighting
 + Level 1.6 Staves
 + Level 5.1 Dodging
 - Level 3.3 Stealth
 - Level 6.0 Spellcasting
 + Level 6.2 Conjurations
 * Level 4.9 Necromancy
 + Level 13.0 Fire Magic
 + Level 1.0 Earth Magic
 + Level 1.1 Evocations


You had 10 spell levels left.
You knew the following spells:

 Your Spells              Type           Power      Damage    Failure   Level
a - Foxfire               Conj/Fire      100%       2x1d9     1%          1
b - Scorch                Fire           100%       2d10      1%          2
c - Flame Wave            Conj/Fire      51%        2d10      1%          4
d - Dispel Undead         Necr           29%        3d13      11%         4

Your spell library contained the following spells:

 Spells                   Type           Power      Damage    Failure   Level
 Poisonous Vapours        Pois/Air       12%        N/A       13%         2
 Conjure Flame            Conj/Fire      51%        6-21      1%          3
 Inner Flame              Hex/Fire       36%        N/A       1%          3
 Sticky Flame             Conj/Fire      51%        2d7       1%          4
 Static Discharge         Conj/Air       21%        N/A       3%          2
 Blink                    Tloc           12%        N/A       13%         2
 Tukima's Dance           Hex            6%         N/A       26%         3
 Passage of Golubria      Tloc           6%         N/A       63%         4
 Manifold Assault         Tloc           6%         N/A       93%         5
 Yara's Violent Unravell  Hex/Tmut       3%         3d4       93%         5
 Storm Form               Tmut/Air       3%         N/A       100%        7


Dungeon Overview and Level Annotations

Branches:
Dungeon (12/15)            Temple (1/1) D:5             Orc (0/2) D:12
   Lair: D:8-11

Altars:
Ashenzari
Cheibriados
Dithmenos
Elyvilon
Fedhas
Gozag
Hepliaklqana
Kikubaaqudgha
Makhleb
Nemelex Xobeh
Okawaru
Qazlal
Ru
Sif Muna
Trog
Uskayaw
Vehumet
Wu Jian
Xom
Yredelemnul
Zin

Shops:
D:4 :(   D:6 ?   D:8 :   D:9 !(

Portals:
Abyss: D:4

Annotations:
D:3 1 transporter, 1 runed translucent door, Crazy Yiuf; mrw3rdna's ghost, amateur HuCj
D:4 2 transporters, quokkamancerX's ghost, amateur OgCj
D:5 1 runed translucent door, Holdthepickle's ghost, novice OgBe
D:12 Gastronok


Message History

Casting: Scorch (safe; 1% risk of failure)
Confirm with . or Enter, or press ? or * to list all spells.
Flames lash the vampire mosquito.
The vampire mosquito is burned terribly!
The vampire mosquito is almost destroyed.
The vampire mosquito bites you.
The vampire mosquito draws strength from your injuries!
The vampire mosquito bites you.
Casting: Scorch (safe; 1% risk of failure)
Confirm with . or Enter, or press ? or * to list all spells.
The spell is quite dangerous to miscast (12% risk of failure)!
Continue anyway?
Aiming: Dispel Undead (quite dangerous; 12% risk of failure)
Press: ? - help, Shift-Dir - straight line, f - vampire mosquito
Aim: a vampire mosquito (severely damaged, more vulnerable to fire, 100% to hit)
The vampire mosquito is dispelled!!
You destroy the vampire mosquito!
Vehumet accepts your kill.
You feel your power returning. The vampire mosquito bites you.
Casting: Dispel Undead (quite dangerous; 12% risk of failure)
Confirm with . or Enter, or press ? or * to list all spells.
The spell is quite dangerous to miscast (12% risk of failure)!
Continue anyway?
Aiming: Dispel Undead (quite dangerous; 12% risk of failure)
Press: ? - help, Shift-Dir - straight line, f - vampire mosquito
Aim: a vampire mosquito (100% to hit)
The vampire mosquito is dispelled!
The vampire mosquito closely misses you.
The vampire mosquito barely misses you.
Casting: Dispel Undead (quite dangerous; 12% risk of failure)
Confirm with . or Enter, or press ? or * to list all spells.
You don't have enough magic to cast this spell.
Casting: Dispel Undead (quite dangerous; 12% risk of failure)
Confirm with . or Enter, or press ? or * to list all spells.
Flames lash the vampire mosquito.
You destroy the vampire mosquito!
Vehumet accepts your kill.
You feel your power returning.
Your Fire Magic skill increases to level 13!
Gastronok waves his eye-stalks in wide circles.
The air twists around and strikes you!!
You die...

...? .w. :.# .# #.# .# #?# .# #.#
.# #.# .# #.# .#
#@################
.###############.(...............
.......................(.........
.#################...############
.# #...# .# #.).# .# #...# .#
#...# .# #...#


You could see Gastronok.

Vanquished Creatures
  A two-headed ogre (D:12)
  Pikel (D:7)
  A cyclops (D:12)
  An ugly thing (D:12)
  Prince Ribbit (D:7)
  A vampire (D:12)
  2 vampire mosquitoes (D:12)
  Menkaure (D:7)
  2 water moccasins
  An acid dragon (D:6)
  2 orc warriors
  A sky beast (D:7)
  A necrophage (D:6)
  A black bear (D:8)
  A centaur (D:6)
  2 lemures (D:7)
  A kobold brigand (D:8)
  A gnoll sergeant (D:9)
  2 wyvern skeletons
  A water moccasin skeleton (D:5)
  4 killer bees (D:8)
  12 wights
  A howler monkey (D:5)
  A bullfrog zombie (D:6)
  3 jellies
  2 hounds (D:5)
  A gnoll shaman (D:4)
  3 iguanas
  6 orc wizards
  A killer bee zombie (D:8)
  A hound skeleton (D:4)
  A howler monkey zombie (D:6)
  15 gnolls
  5 adders
  A shadow imp (D:6)
  A white imp (D:8)
  An ufetubus (D:4)
  An adder skeleton (D:4)
  2 worms
  A dart slug (D:4)
  17 orcs
  11 ball pythons
  7 endoplasms
  3 giant cockroaches
  7 goblins
  8 hobgoblins
  4 jackals (D:1)
  A quokka (D:2)
  4 bats
  7 frilled lizards
  8 kobolds
  4 rats
169 creatures vanquished.

Vanquished Creatures (others)
  299 foxfires
299 creatures vanquished.

Grand Total: 468 creatures vanquished

Notes
Turn   | Place    | Note
-------+----------+-------------------------------------------
     0 | D:1      | hawla the Deep Elf Fire Elementalist began the quest for
                  | the Orb.
     0 | D:1      | Reached XP level 1. HP: 10/10 MP: 6/6
   209 | D:1      | Reached XP level 2. HP: 15/15 MP: 6/8
   236 | D:1      | Found a faded altar of an unknown god.
   699 | D:1      | Learned a level 2 spell: Scorch
  1557 | D:2      | Reached XP level 3. HP: 17/19 MP: 5/9
  2508 | D:3      | Found an ancient bone altar of Kikubaaqudgha.
  2512 | D:3      | Found a blossoming altar of Fedhas.
  2570 | D:3      | Reached skill level 4 in Fire Magic
  2570 | D:3      | Reached skill level 1 in Earth Magic
  2826 | D:3      | Reached skill level 1 in Evocations
  2826 | D:3      | Reached XP level 4. HP: 20/24 MP: 2/11
  3079 | D:3      | Noticed mrw3rdna's ghost (amateur HuCj)
  3080 | D:3      | Found a transporter.
  3456 | D:3      | Found a runed translucent door.
  3457 | D:3      | Noticed Crazy Yiuf
  3838 | D:3      | Noticed an ogre
  3847 | D:3      | Identified the +1 great mace "Etuah" {holy, Will+ Dex+4
                  | Stlth+}
  3847 | D:3      | Noticed an ogre
  4308 | D:4      | Found Nuwioc's Book Shoppe.
  4409 | D:4      | Reached XP level 5. HP: 28/28 MP: 6/13
  4634 | D:4      | Learned a level 4 spell: Flame Wave
  4815 | D:4      | Reached skill level 5 in Fire Magic
  5067 | D:4      | Reached XP level 6. HP: 32/32 MP: 10/15
  5122 | D:4      | Found Viafoi's Antique Weapon Shop.
  5123 | D:4      | Found a transporter.
  5460 | D:4      | Found a transporter.
  5463 | D:4      | Found a one-way gate to the infinite horrors of the Abyss.
  5463 | D:4      | Noticed quokkamancerX's ghost (amateur OgCj)
  5611 | D:5      | Entered Level 5 of the Dungeon
  5739 | D:5      | Found a runed translucent door.
  5739 | D:5      | Noticed Holdthepickle's ghost (novice OgBe)
  5750 | D:5      | Reached skill level 6 in Fire Magic
  5832 | D:5      | Reached skill level 1 in Staves
  6083 | D:5      | Found a staircase to the Ecumenical Temple.
  6104 | Temple   | Entered the Ecumenical Temple
  6313 | Temple   | Became a worshipper of Vehumet
  6360 | D:5      | Reached XP level 7. HP: 29/36 MP: 9/16
  6530 | D:5      | Reached skill level 7 in Fire Magic
  6949 | D:6      | Found Curyecitey's Magic Scroll Emporium.
  7057 | D:6      | Reached skill level 8 in Fire Magic
  7571 | D:6      | Reached XP level 8. HP: 42/42 MP: 12/17
  7608 | D:6      | Reached skill level 9 in Fire Magic
  8230 | D:7      | Noticed Prince Ribbit
  8238 | D:7      | Killed Prince Ribbit
  8317 | D:7      | Reached skill level 10 in Fire Magic
  8371 | D:7      | Noticed Menkaure
  8377 | D:7      | Killed Menkaure
  8525 | D:7      | Reached * piety under Vehumet
  8525 | D:7      | Offered knowledge of Freeze by Vehumet.
  8652 | D:7      | Found a white marble altar of Elyvilon.
  8656 | D:7      | Found a basalt altar of Yredelemnul.
  8910 | D:7      | Found a snail-covered altar of Cheibriados.
  8962 | D:7      | Found a shimmering altar of Xom.
  8965 | D:7      | Found a sacrificial altar of Ru.
  8965 | D:7      | Found an ornate altar of the Wu Jian Council.
  8972 | D:7      | Found a burning altar of Makhleb.
  8982 | D:7      | Noticed Pikel
  8993 | D:7      | Killed Pikel
  8994 | D:7      | Reached skill level 1 in Fighting
  8994 | D:7      | Reached skill level 5 in Spellcasting
  8994 | D:7      | Reached skill level 5 in Conjurations
  8994 | D:7      | Reached skill level 11 in Fire Magic
  8994 | D:7      | Reached XP level 9. HP: 40/47 MP: 2/19
  9356 | D:8      | Found Zorph's Book Shoppe.
  9357 | D:8      | Found an iron altar of Okawaru.
  9548 | D:4      | Bought a book of Touch for 338 gold pieces
  9553 | D:4      | Learned a level 4 spell: Dispel Undead
  9647 | D:6      | Identified the +2 leather armour of a Billion Wars {rC+
                  | Will+}
  9699 | D:8      | Reached skill level 1 in Necromancy
 10587 | D:8      | Noticed a two-headed ogre
 11108 | D:9      | Found Gamn's Antique Weapon Emporium.
 11133 | D:9      | Offered knowledge of Poisonous Vapours by Vehumet.
 11360 | D:9      | Found Genwahi's Distillery.
 11369 | D:9      | You fall into a shaft and drop 3 floors!
 11438 | D:12     | Found a staircase to the Orcish Mines.
 11459 | D:12     | Noticed a two-headed ogre
 11469 | D:12     | Killed a two-headed ogre
 11470 | D:12     | Reached skill level 12 in Fire Magic
 11470 | D:12     | Reached XP level 10. HP: 53/53 MP: 9/21
 11661 | D:12     | Noticed a cyan ugly thing
 11662 | D:12     | Noticed a cyclops
 11672 | D:12     | Killed a cyan ugly thing
 11673 | D:12     | Reached skill level 5 in Dodging
 11675 | D:12     | Killed a cyclops
 11809 | D:12     | Noticed Gastronok
 11812 | D:12     | Reached ** piety under Vehumet
 11815 | D:12     | Reached skill level 13 in Fire Magic
 11817 | D:12     | Killed from afar by Gastronok

Illustrated notes

Levels and vault maps discovered:
D:1:      shiori_arrival_maze, layout_loops_corners,
          shapermc_ecumenical_altar_petra, minivault_24, minmay_misc_feat_tower
D:2:      layout_loops_ring
D:3:      layout_basic, grunt_temple_overflow_growth_and_decay,
          gammafunk_ghost_smash, kennysheep_generic_room_2,
          uniq_crazy_yiuf_cottage
D:4:      layout_loops_ring, gammafunk_ghost_abyssal_escape, serial_shops, shop,
          shop
D:5:      layout_basic, minmay_temple_entry_drinking_statues,
          hellmonk_ghost_happy_afterlife
D:6:      layout_loops_ring, serial_shops, shop, kennysheep_generic_room_13
D:7:      layout_basic, kennysheep_ying_yang,
          nicolae_overflow_hallway_of_the_gods, uniq_pikel, uniq_prince_ribbit1,
          uniq_menkaure
D:8:      layout_basic, overflow_temple_1_default, nicolae_stop_n_shop_1
D:9:      layout_cave_pods, mainiacjoe_overflow_alcove_2, serial_shops,
          kennysheep_little_box, nicolae_shop_hallway_stairs, shop,
          nicolae_shop_statue_plus
D:12:     layout_long_grid, orc_0_dummy, uniq_gastronok
Temple:   chequers_temple_sunken

Skill      XL: |  1  2  3  4  5  6  7  8  9 10 |
---------------+-------------------------------+-----
Fire Magic     | 4 5 6 8 11 12 13 | 13.0
Earth Magic    | 1 |  1.0
Evocations     | 1 |  1.1
Stealth        | 3 |  3.3
Spellcasting   | 4 5 6 |  6.0
Conjurations   | 2 3 5 6 |  6.2
Staves         | 1 |  1.6
Dodging        | 3 4 5 |  5.1
Fighting       | 1 |  1.8
Necromancy     | 4 |  4.9

Action                   |  1- 3 |  4- 6 |  7- 9 | 10-12 || total
-------------------------+-------+-------+-------+-------++-------
Melee: Staff             |    38 |     9 |    34 |     3 ||    84
       Unarmed           |     1 |       |       |       ||     1
       Punch             |       |       |     1 |       ||     1
 Cast: Foxfire           |    43 |    61 |    66 |     5 ||   175
       Scorch            |    13 |    42 |    69 |    11 ||   135
       Flame Wave        |       |     1 |    11 |     1 ||    13
       Dispel Undead     |       |       |     2 |     2 ||     4
Evoke: Wand              |       |       |     2 |       ||     2
  Use: Scroll            |     6 |     2 |     3 |       ||    11
       Potion            |       |       |     2 |       ||     2
 Stab: Sleeping          |     3 |     1 |       |       ||     4
Armor: Robe              |    20 |     6 |    23 |     5 ||    54
       Skin              |       |       |    38 |       ||    38
Dodge: Dodged            |    50 |    31 |    65 |    11 ||   157
